 Dungeon Crawl Stone Soup version 0.29.0-4-gdea44cf6ec (webtiles) character file.

Game seed: 11772004117335742830

29 qw the Sneak (level 3, -5/23 HPs)
             Began as a Gargoyle Delver on Sept 10, 2022.
             Slain by a goblin
             ... wielding a +0 club
             ... led by Robin
              (6 damage)
             ... on level 2 of the Dungeon.
             The game lasted 00:00:09 (192 turns).

qw the Sneak (Gargoyle Delver)                       Turns: 192, Time: 00:00:10

Health: -5/23      AC:  6    Str: 17    XL:     3   Next: 16%
Magic:  3/3        EV: 11    Int: 10    God:
Gold:   31         SH:  0    Dex: 11    Spells: 2/2 levels left

rFire   . . .      SeeInvis .   a - +0 hand axe
rCold   . . .      Faith    .   (no shield)
rNeg    + . .      Spirit   .   b - +0 leather armour
rPois   inf        Reflect  .   (no helmet)
rElec   +          Harm     .   (no cloak)
rCorr   .          Rampage  .   (no gloves)
Will    .....                   (no boots)
Stlth   +++.......              (no amulet)
HPRegen 0.07/turn               (no ring)
MPRegen 0.08/turn               (no ring)

@: no status effects
A: sickness immunity, AC +3, negative energy resistance 1, electricity
resistance, torment resistance 1, petrification resistance
a: no special abilities


You were on level 2 of the Dungeon.
You visited 1 branch of the dungeon, and saw 4 of its levels.

You collected 31 gold pieces.


Innate Abilities, Weirdness & Mutations

You are immune to sickness and miasma.
Your stone body is resilient. (AC +3)
You are immune to poison.
You resist negative energy. (rN+)
You are resistant to electric shocks. (rElec)
You are resistant to unholy torment.
You are immune to petrification.


   Skills:
 - Level 3.2 Fighting
 + Level 3.2 Axes
 - Level 1.5 Dodging
 - Level 5.4 Stealth


You had 2 spell levels left.
You didn't know any spells.
Your spell library was empty.

Inventory:

Hand Weapons
 a - a +0 hand axe (weapon)
Armour
 b - a +0 leather armour (worn)
Wands
 g - a wand of digging (3)
Potions
 f - a potion of haste

Dungeon Overview and Level Annotations

Branches:
Dungeon (5/15)
 Temple: D:4-7

Altars:

Shops:
D:5 (

Annotations:
D:2 Robin


Message History

You hit the goblin but do no damage. You barely miss the goblin.
The goblin hits you with a +0 club. The goblin hits you but does no damage.
You closely miss the goblin. x2
Robin throws the goblin at you! The goblin hits you but does no damage.
The goblin barely misses you. The goblin hits you but does no damage.
The goblin completely misses you.
You closely miss Robin. You closely miss the goblin. x2
Robin hits you but does no damage. The goblin misses you.
The goblin hits you but does no damage.
You hit Robin. Your punch misses Robin.
Robin is heavily wounded.
You barely miss the goblin. You hit the goblin but do no damage.
The goblin no longer looks unusually strong.
Robin hits you but does no damage. The goblin barely misses you.
The goblin hits you but does no damage.
You hit Robin but do no damage.
Robin is heavily wounded.
You hit the goblin. x2
The goblin misses you. Robin barely misses you. The goblin closely misses you.
You hit the goblin but do no damage.
The goblin is severely wounded.
You barely miss Robin. You completely miss the goblin.
The hobgoblin no longer looks unusually strong.
Robin roars a battlecry!
The goblins go into a battle-frenzy!
The goblin closely misses you. The goblin hits you with a +0 club.
You barely miss the goblin.
The goblin is severely wounded.
You barely miss Robin. You hit the goblin.
You kill the goblin!
Robin hits you but does no damage. The goblin barely misses you.
You closely miss the goblin.
The goblin is severely wounded.
You hit Robin. Robin barely misses you. The goblin hits you but does no damage.
You hit Robin.
Robin is severely wounded.
You closely miss the goblin. Robin closely misses you.
The goblin hits you with a +0 club.
You die...

... ... #.. ..
#g# .. #.##.
#.#.. #.#g#
#.#g#
#######.#@#
......)>g)###..
.######.).......
#######... #


You could see Robin, a hobgoblin (strong) and a goblin (strong).

Vanquished Creatures
  An adder (D:2)
  A ball python (D:4)
  A giant cockroach (D:2)
  5 goblins (D:2)
  5 hobgoblins (D:2)
  2 jackals (D:3)
15 creatures vanquished.

Notes
Turn   | Place    | Note
-------+----------+-------------------------------------------
     0 | D:5      | qw the Gargoyle Delver began the quest for the Orb.
     0 | D:5      | Reached XP level 1. HP: 14/14 MP: 1/1
     0 | D:5      | 0 ||| qw: Version: 0.1-a-116-g5d60599
     0 | D:5      | 0 ||| qw: Game counter: 8113
     0 | D:5      | 0 ||| qw: Always use a shield: true
     0 | D:5      | 0 ||| qw: God list: Okawaru
     0 | D:5      | 0 ||| qw: Allow faded altars: false
     0 | D:5      | 0 ||| qw: Do Orc after D:15 true
     0 | D:5      | 0 ||| qw: Do second Lair branch before Depths: true
     0 | D:5      | 0 ||| qw: Lair rune preference: random
     0 | D:5      | 0 ||| qw: Plans: Normal
     0 | D:5      | 0 ||| PLANNING D:1-11
     0 | D:5      | 0 ||| DROPPING scroll of fog.
     1 | D:5      | 1 ||| DROPPING scroll of magic mapping.
     2 | D:5      | 2 ||| DROPPING scroll of fear.
   109 | D:3      | 109 ||| DRINKING 2 glowing sapphire potions.
   125 | D:2      | 125 ||| Stepping ~*~*~tactically~*~*~ (stealth).
   129 | D:2      | 129 ||| Stepping ~*~*~tactically~*~*~ (stealth).
   133 | D:2      | Reached XP level 2. HP: 14/19 MP: 2/2
   141 | D:2      | HP: 4/19 [hobgoblin[Robin] (2)]
   142 | D:2      | 142 ||| DRINKING potion of heal wounds.
   159 | D:2      | Noticed Robin
   161 | D:2      | 161 ||| Stepping ~*~*~tactically~*~*~ (stealth).
   162 | D:2      | 162 ||| Stepping ~*~*~tactically~*~*~ (stealth).
   164 | D:2      | 164 ||| Stepping ~*~*~tactically~*~*~ (stealth).
   165 | D:2      | 165 ||| Stepping ~*~*~tactically~*~*~ (stealth).
   179 | D:2      | Reached skill level 3 in Axes
   179 | D:2      | Reached XP level 3. HP: 9/23 MP: 3/3
   189 | D:2      | HP: 1/23 [goblin/+0 club[Robin] (5)]
   192 | D:2      | Slain by a goblin

Levels and vault maps discovered:
D:2:      layout_loops_ring, ebering_ecumenical_altar_abandoned, serial_shops,
          nicolae_shop_behind_doors, chequers_serial_rivers_micro_a,
          serial_park_tiny_2, uniq_robin
D:3:      layout_loops_ring, lemuel_coloured_pillars_altar
D:4:      layout_gridville, nicolae_overflow_crystal_walls, uniq_edmund
D:5:      layout_basic, nicolae_stop_n_shop_1

Skill      XL: |  1  2 |
---------------+-------+-----
Axes           | 2 3 |  3.2
Fighting       | |  3.2
Dodging        | |  1.5
Stealth        | |  5.4

Action                   || total
-------------------------++-------
Melee: Hand axe          ||    44
  Use: Potion            ||     2
 Stab: Sleeping          ||     1
Armor: Leather armour    ||    23
Dodge: Dodged            ||    32

Table legend:
 A = Non-vault XP
 B = Vault XP
 C = Vault XP percentage of total XP
 D = Non-vault monster count
 E = Vault monster count
 F = Vault count percentage of total count
                 A         B        C        D         E       F
            +---------+---------+-------+---------+---------+-------
      Total |      22 |      20 |  47.6 |       5 |      10 |  66.7
            +---------+---------+-------+---------+---------+-------
        D:2 |      16 |      20 |  55.6 |       2 |      10 |  83.3
        D:3 |       4 |       0 |   0.0 |       2 |       0 |   0.0
        D:4 |       2 |       0 |   0.0 |       1 |       0 |   0.0
            +---------+---------+-------+---------+---------+-------
